 Dungeon Crawl Stone Soup version 0.31-a0-675-g238779eb0a (webtiles) character file.

Game seed: 7984115856593978967

6743 javelincjr the Trooper (level 10, -2/73 (79) HPs)
             Began as a Demonspawn Fighter on Sept 5, 2023.
             Was an Elder of Qazlal.
             Killed by divine providence
             ... invoked by an orc priest
              (4 damage)
             ... on level 9 of the Dungeon.
             The game lasted 00:30:54 (7762 turns).

javelincjr the Trooper (Demonspawn Fighter)         Turns: 7762, Time: 00:30:54

HP:   -2/73 (79)    AC: 17    Str: 21    XL:     10   Next: 75%
MP:   0/15          EV: 11    Int: 13    God:    Qazlal [****..]
Gold: 497           SH: 11    Dex: 13    Spells: 9/9 levels left

rFire   . . .        r - +9 club (heavy)
rCold   . . .        c - +0 buckler
rNeg    . . .        t - +1 scale mail of Eternal Night {Slay+2}
rPois   .            h - +2 hat
rElec   .            o - scarf {+Inv}
rCorr   .            N - +2 pair of gloves
SInv    +            j - +2 pair of boots
Will    .....        g - amulet of guardian spirit Stlth
                     n - ring of see invisible
HPRegen 0.32/turn    O - ring of flight
MPRegen 0.14/turn

%: repel missiles, guardian spirit
@: lethally poisoned (-2 -> -6), on berserk cooldown, flying, slowed, drained,
very slow
A: claws 1, powered by death 1, powered by pain 2, big brain 2
a: Renounce Religion, Evoke Invisibility, Upheaval, Elemental Force


You were on level 9 of the Dungeon.
You worshipped Qazlal.
Qazlal was greatly pleased with you.
You visited 1 branch of the dungeon, and saw 9 of its levels.
You also visited: Ossuary.

You collected 497 gold pieces.

Inventory:

Hand Weapons
 a - a +0 trident
 r - a +9 heavy club (weapon)
 M - a +2 vampiric short sword
 P - a +4 spear
 Q - the +1 great sword of Anxiety {freeze, rElec rF++ rN+}
   (You found it on level 8 of the Dungeon)

   rF++:      It greatly protects you from fire.
   rElec:     It insulates you from electricity.
   rN+:       It protects you from negative energy.
Missiles
 b - a throwing net
 f - 15 boomerangs
Armour
 c - a +0 buckler (worn)
 h - a +2 hat (worn)
 j - a +2 pair of boots (worn)
 o - a scarf of invisibility (worn)
 s - a +0 chain mail
 t - the +1 scale mail of Eternal Night (worn) {Slay+2}
   (You found it on level 3 of the Dungeon)

   Slay+2:    It affects your accuracy & damage with ranged weapons and melee
   (+2).
 E - +0 steam dragon scales
 N - a +2 pair of gloves (worn)
Jewellery
 g - an amulet of guardian spirit (around neck)
 n - a ring of see invisible (left hand)
 v - an amulet of faith
 O - a ring of flight (right hand)
Wands
 q - a wand of roots (6)
 y - a wand of mindburst (20)
 F - a wand of paralysis (13)
Scrolls
 e - 2 scrolls of fear
 k - 3 scrolls of teleportation
 l - a scroll of immolation
 m - 2 scrolls of vulnerability
 w - 3 scrolls of amnesia
 I - 2 scrolls of noise
 J - a scroll of torment {unknown}
 K - a scroll of blinking {unknown}
 L - a scroll of fog
 R - a scroll of revelation {unknown}
Potions
 d - 2 potions of might
 i - a potion of berserk rage
 p - a potion of mutation {unknown}
 u - 2 potions of haste
 x - 2 potions of lignification
 z - 2 potions of heal wounds {unknown}
 A - 2 potions of brilliance
 B - a potion of enlightenment {unknown}
 D - 2 potions of invisibility
 G - a potion of cancellation {unknown}
 H - 2 potions of attraction


   Skills:
 + Level 7.3 Fighting
 + Level 5.0 Maces & Flails
 - Level 3.2 Polearms
 + Level 6.5 Armour
 + Level 5.4 Dodging
 + Level 6.3 Shields
 + Level 7.2 Invocations
 + Level 5.8 Evocations


You had 9 spell levels left.
You didn't know any spells.
Your spell library contained the following spells:

 Spells                   Type           Power      Damage    Failure   Level
 Apportation              Tloc           0%         N/A       67%         1
 Summon Small Mammal      Summ           0%         N/A       67%         1
 Blink                    Tloc           0%         N/A       80%         2
 Ensorcelled Hibernation  Hex/Ice        0%         N/A       80%         2
 Lesser Beckoning         Tloc           0%         N/A       80%         2
 Momentum Strike          Conj/Tloc      0%         3d8       80%         2
 Sublimation of Blood     Necr           0%         N/A       80%         2
 Wereblood                Tmut           0%         N/A       80%         2
 Ignite Poison            Fire/Tmut/Pois 0%         N/A       95%         3
 Anguish                  Hex/Necr       0%         N/A       100%        4
 Sticky Flame             Conj/Fire      0%         2d3       100%        4
 Alistair's Intoxication  Tmut/Pois      0%         N/A       100%        5
 Summon Hydra             Summ           0%         N/A       100%        7
 Ignition                 Fire           0%         3d3       100%        8


Dungeon Overview and Level Annotations

Branches:
Dungeon (9/15)             Temple (0/1) D:4         Ossuary (visited)
   Lair: D:8-11         Orc: D:9-12

Altars:
Ashenzari
Cheibriados
Dithmenos
Kikubaaqudgha
Qazlal
Sif Muna
Trog
Uskayaw
Vehumet

Annotations:
D:5 2 runed translucent doors, bahustanut's ghost, novice MiBe


Innate Abilities, Weirdness & Mutations

You have sharp fingernails.
You regenerate a little health from kills.
You sometimes gain power by taking damage.
You have an extremely huge brain. (Int +4)


Message History

You thump the orc warrior!
The orc warrior is severely wounded.
You feel sick. The orc warrior completely misses you.
The orc warrior closely misses you.
You barely miss the orc warrior.
The orc warrior is severely wounded.
You feel sick.
The orc warrior hits you with a +0 short sword of venom!
* * * LOW HITPOINT WARNING * * *
You are more poisoned.
You block the orc warrior's attack.
You barely miss the orc warrior.
The orc warrior is severely wounded.
You feel very sick. You block the orc warrior's attack.
The orc warrior hits you but does no damage.
You closely miss the orc warrior.
The orc warrior is severely wounded.
You feel very sick.
The orc warrior hits you but does no damage.
You are lethally poisoned!
The orc warrior barely misses you.
You sock the orc warrior!
You kill the orc warrior!
Qazlal accepts your kill.
You feel very sick.
The orc warrior hits you but does no damage.
You feel sick.
You feel a strong urge to attack something.
You feel sick.
You are no longer berserk.
You are exhausted.
You feel yourself slow down.
* * * LOW HITPOINT WARNING * * *
You feel sick.
* * * LOW HITPOINT WARNING * * *
You feel sick.
The orc priest invokes the aid of Beogh against you.
Beogh smites you!
You die...

........# .....†.o#
#o# #o# #.# #.##### #
#.# #o§...# # #.#
#..§..# # #.# #@....#
# +.# #.○...# #
#####.# #☼....# #
#.....# #.....#
##+###.....#####.....#
..................####
.......##'##...<..#
.......#...#......#
###....#...#......#


You could see an orc warrior, an orc priest and 2 orcs.

Vanquished Creatures
  Pikel (D:5)
  An unseen horror zombie (D:8)
  Grinder (D:3)
  A hornet (D:9)
  A wraith (D:5)
  Eustachio (D:4)
  3 steam dragons
  3 water moccasins
  An orc warrior (D:9)
  A sky beast (D:6)
  4 black bears
  A hornet zombie (D:8)
  4 ogres
  4 centaurs
  A phantom (D:6)
  3 bullfrogs
  2 scorpions
  A gnoll sergeant (D:7)
  14 wights (D:8)
  6 killer bees (D:9)
  5 howler monkeys
  10 centaur zombies
  4 orc priests
  2 jellies (D:6)
  A gnoll bouda (D:5)
  7 hounds
  5 iguanas
  Ijyb (D:3)
  9 orc wizards
  Natasha (thrice) (D:3)
  2 killer bee zombies (D:8)
  6 mummies (Ossuary)
  A howler monkey zombie (D:8)
  17 gnolls
  10 adders
  4 shadow imps
  An ufetubus (D:5)
  2 worms
  2 dart slugs
  18 orcs
  10 ball pythons
  7 bats
  5 endoplasms
  4 giant cockroaches
  7 goblins
  2 hobgoblins (D:2)
  3 kobolds
  A quokka (D:4)
  5 frilled lizards
  A goblin zombie (D:5)
  4 hobgoblin zombies (Ossuary)
  A quokka zombie (D:5)
  3 rats (D:1)
217 creatures vanquished.

Notes
Turn   | Place    | Note
-------+----------+-------------------------------------------
     0 | D:1      | javelincjr the Demonspawn Fighter began the quest for the
                  | Orb.
     0 | D:1      | Reached XP level 1. HP: 18/18 MP: 1/1
   393 | D:1      | Gained mutation: You have sharp fingernails. [demonic
                  | ancestry]
   393 | D:1      | Reached XP level 2. HP: 24/24 MP: 2/2
   440 | D:1      | Found a faded altar of an unknown god.
   447 | D:1      | Got Plato's Cyclopedia of Mustering
  1008 | D:2      | Gained mutation: You regenerate a little health from kills.
                  | [demonic ancestry]
  1008 | D:2      | Reached XP level 3. HP: 24/29 MP: 0/3
  1528 | D:3      | Found a stormy altar of Qazlal.
  1538 | D:3      | Became a worshipper of Qazlal Stormbringer
  1615 | D:3      | Noticed Ijyb
  1623 | D:3      | Killed Ijyb
  1624 | D:3      | Reached XP level 4. HP: 20/35 MP: 1/4
  1708 | D:3      | Noticed Natasha
  1720 | D:3      | Killed Natasha
  1838 | D:3      | Noticed Grinder
  1838 | D:3      | Paralysed by Grinder for 2 turns
  1862 | D:3      | Killed Grinder
  1863 | D:3      | Reached skill level 1 in Dodging
  1863 | D:3      | Reached skill level 1 in Evocations
  1863 | D:3      | Gained mutation: You have an unusually large brain. (Int
                  | +2) [demonic ancestry]
  1863 | D:3      | Reached XP level 5. HP: 32/42 MP: 5/5
  1863 | D:3      | Gained mutation: You sometimes gain a little power by
                  | taking damage. [demonic ancestry]
  1863 | D:3      | Reached XP level 6. HP: 36/48 MP: 6/6
  1935 | D:3      | Identified the +1 scale mail of Eternal Night {Slay+2}
  1981 | D:3      | Found a snail-covered altar of Cheibriados.
  2059 | D:3      | Noticed Natasha
  2064 | D:3      | Killed Natasha
  2142 | D:3      | Noticed Natasha
  2150 | D:3      | Killed Natasha
  2225 | D:4      | Found a staircase to the Ecumenical Temple.
  2256 | D:4      | Reached * piety under Qazlal
  2368 | D:4      | Gained mutation: You have an extremely huge brain. (Int +4)
                  | [demonic ancestry]
  2368 | D:4      | Reached XP level 7. HP: 53/55 MP: 4/7
  2512 | D:4      | Reached skill level 1 in Invocations
  2562 | D:4      | Reached skill level 1 in Maces & Flails
  2652 | D:4      | Found a shimmering blue altar of Sif Muna.
  2848 | D:5      | Entered Level 5 of the Dungeon
  2908 | D:5      | Found a sand-covered staircase.
  2913 | D:5      | Reached ** piety under Qazlal
  2921 | Ossuary  | Entered an ossuary
  2962 | Ossuary  | Reached XP level 8. HP: 48/61 MP: 7/9
  3161 | D:5      | Reached skill level 5 in Fighting
  3392 | D:5      | You fall into a shaft and drop 3 floors!
  3398 | D:8      | Found a hide-covered altar of Uskayaw.
  3516 | D:5      | Noticed Eustachio
  3536 | D:5      | Noticed Pikel
  3570 | D:5      | Killed Pikel
  3571 | D:5      | Reached skill level 5 in Armour
  3577 | D:5      | Gained mutation: You sometimes gain power by taking damage.
                  | [demonic ancestry]
  3577 | D:5      | Reached XP level 9. HP: 68/68 MP: 10/12
  3583 | D:5      | Reached skill level 5 in Shields
  3817 | D:4      | Killed Eustachio
  3817 | D:4      | Reached *** piety under Qazlal
  3931 | D:5      | Found a large runed translucent door.
  3938 | D:5      | Found a large runed translucent door.
  3946 | D:5      | Noticed bahustanut's ghost (novice MiBe)
  4393 | D:6      | Reached skill level 5 in Invocations
  5655 | D:7      | Reached skill level 5 in Evocations
  5936 | D:7      | Reached XP level 10. HP: 40/77 MP: 8/14
  6202 | D:7      | Found an ancient bone altar of Kikubaaqudgha.
  6205 | D:7      | Found a broken altar of Ashenzari.
  6208 | D:7      | Found a bloodstained altar of Trog.
  6445 | D:8      | Reached **** piety under Qazlal
  6763 | D:8      | Found a radiant altar of Vehumet.
  6855 | D:8      | Found a shadowy altar of Dithmenos.
  6903 | D:8      | Reached skill level 5 in Dodging
  7293 | D:8      | Identified the +1 great sword of Anxiety {freeze, rElec
                  | rF++ rN+}
  7727 | D:9      | Reached skill level 5 in Maces & Flails
  7762 | D:9      | HP: 2/73 [poisoned by an orc warrior]
  7762 | D:9      | Killed from afar by an orc priest

Illustrated notes

Levels and vault maps discovered:
D:1:      lemuel_arrival_river_ford, layout_basic,
          shapermc_ecumenical_altar_rom_forum, hex_medium
D:2:      cheibrodos_old_hovel, layout_loops_ring, basic_altar,
          kennysheep_cluttered_room
D:3:      layout_basic, elyvilon_altar_5, mainiacjoe_overflow_cross_hatched,
          old_standard_altar, glass_columns_a, minmay_misc_feat_hallway,
          grunt_ministairs_10, grunt_decor_mini_mirrors, uniq_natasha,
          uniq_ijyb, uniq_grinder
D:4:      layout_cave_pools, nicolae_sif_muna_condensation,
          mainiacjoe_overflow_alcove_4, minmay_temple_entry_slanted
D:5:      layout_cave_pools, ebering_ghost_disaster_area, enter_ossuary_4,
          uniq_eustachio, uniq_pikel
D:6:      layout_basic, st_stairs_7, minmay_splitting_lines
D:7:      layout_gridville, grunt_temple_overflow_diamond
D:8:      layout_loops_ring, chequers_temple_overflow_statue_of_worship,
          general_overflow_altar, serial_undead, serial_undead_c,
          serial_undead_b, serial_undead_a, serial_undead_c, serial_undead_c
D:9:      minmay_the_grid_3x2 [minmay_the_grid_minigrid_small_alt,
          minmay_the_grid_plusring, minmay_the_grid_box_x,
          minmay_the_grid_gridbox, minmay_the_grid_odd_star,
          minmay_the_grid_prize_four_corners_diamond_a], layout_irregular_city,
          tgw_xom, mainiacjoe_overflow_tiny_flanked, david_orc_3

Skill      XL: |  1  2  3  4  5  6  7  8  9 10 |
---------------+-------------------------------+-----
Polearms       | 2 3 |  3.2
Armour         | 3 4 5 6 |  6.5
Shields        | 3 4 5 6 |  6.3
Fighting       | 4 5 6 7 |  7.3
Dodging        | 1 2 3 4 5 |  5.4
Evocations     | 1 2 3 5 |  5.8
Invocations    | 2 4 6 7 |  7.2
Maces & Flails | 1 3 4 5 |  5.0

Action                     |  1- 3 |  4- 6 |  7- 9 | 10-12 || total
---------------------------+-------+-------+-------+-------++-------
  Melee: Trident           |   118 |       |       |       ||   118
         Club              |       |    89 |   351 |   177 ||   617
    Use: Scroll            |       |       |    17 |     4 ||    21
         Potion            |       |       |     4 |     2 ||     6
 Armour: Scale mail        |    68 |    45 |   361 |   182 ||   656
         Chain mail        |       |    39 |       |       ||    39
  Dodge: Dodged            |    51 |    42 |   288 |   120 ||   501
  Block: Buckler           |    25 |    23 |   250 |   159 ||   457

Table legend: (Time is in decaauts)
 A = Elapsed time spent in this place.
 B = Non-inter-level travel time spent in this place.
 C = Inter-level travel time spent in this place.
 D = Time resting spent in this place.
 E = Time spent auto-exploring this place.
 F = Levels seen in this place.
 G = Mean time per level.
                   A        B        C        D        E       F      G
               +--------+--------+--------+--------+--------+-----+--------+
         Total |   8079 |   7824 |    255 |    336 |   5525 |  10 |  807.9 |
       Dungeon |   7854 |   7599 |    255 |    329 |   5430 |   9 |  872.7 |
       Ossuary |    224 |    224 |      0 |      7 |     95 |   1 |  224.0 |
               +--------+--------+--------+--------+--------+-----+--------+

Top non-repeatable levels by time:
     D:6: 1184 daAuts
     D:7: 1124 daAuts
     D:8: 1113 daAuts
     D:4: 932 daAuts
     D:5: 918 daAuts
     D:1: 888 daAuts
     D:3: 737 daAuts
     D:2: 634 daAuts
     D:9: 321 daAuts
 Ossuary: 224 daAuts
